 Dungeon Crawl Stone Soup version 0.31-a0-162-gc4c5a43528 (webtiles) character file.

Game seed: 13503006922294660708

588 qw the Shooter (level 7, -2/43 HPs)
             Began as a Gargoyle Hunter on June 12, 2023.
             Was an Initiate of Okawaru.
             Slain by Ijyb
             ... wielding a +0 club
              (3 damage)
             ... on level 5 of the Dungeon.
             The game lasted 00:01:29 (2865 turns).

qw the Shooter (Gargoyle Hunter)                    Turns: 2865, Time: 00:01:30

Health: -2/43      AC:  2    Str: 14    XL:     7   Next: 38%
Magic:  7/7        EV: 12    Int: 10    God:    Okawaru [......]
Gold:   183        SH:  0    Dex: 15    Spells: 6/6 levels left

rFire   + . .        Y - +1 shortbow
rCold   . . .        (shield currently unavailable)
rNeg    + . .        a - +2 robe {Will+}
rPois   inf          g - +1 helmet
rElec   +            (no cloak)
rCorr   .            (no gloves)
SInv    .            (no boots)
Will    +....        (no amulet)
Stlth   ++           l - ring of protection from fire
HPRegen 0.27/turn    (no ring)
MPRegen 0.10/turn

%: no passive effects
@: corroded
A: sickness immunity, AC +4, negative energy resistance 1, electricity
resistance, torment resistance 1, petrification resistance
a: Renounce Religion


You were on level 5 of the Dungeon.
You worshipped Okawaru.
Okawaru was noncommittal.
You visited 2 branches of the dungeon, and saw 6 of its levels.

You collected 228 gold pieces.
You spent 45 gold pieces at shops.


Innate Abilities, Weirdness & Mutations

You are immune to sickness and miasma.
Your stone body is resilient. (AC +4)
You are immune to poison.
You resist negative energy. (rN+)
You are resistant to electric shocks. (rElec)
You are resistant to unholy torment.
You are immune to petrification.


   Skills:
 - Level 4.2 Fighting
 + Level 7.9 Ranged Weapons
 - Level 2.0 Dodging
 - Level 1.1 Stealth


You had 6 spell levels left.
You didn't know any spells.
Your spell library was empty.

Inventory:

Hand Weapons
 Y - a +1 shortbow (weapon)
Armour
 a - a +2 robe of willpower (worn)
 b - a +0 leather armour of cold resistance
 g - a +1 helmet (worn)
Jewellery
 h - an amulet of guardian spirit
 j - a ring of fire
 l - a ring of protection from fire (left hand)
Potions
 c - a potion of might {unknown}
 d - a potion of enlightenment {unknown}
 e - a potion of cancellation {unknown}
 f - a potion of ambrosia {unknown}
 i - a potion of brilliance {unknown}

Dungeon Overview and Level Annotations

Branches:
Dungeon (5/15)             Temple (1/1) D:5

Altars:
Ashenzari
Cheibriados
Dithmenos
Elyvilon
Fedhas
Gozag
Hepliaklqana
Kikubaaqudgha
Okawaru
Qazlal
Ru
Sif Muna
Trog
Uskayaw
Vehumet
Wu Jian
Zin

Shops:
D:3 *

Annotations:
D:5 Ijyb


Message History

Ijyb hits you with a +0 club.
You shoot an arrow. The arrow barely misses Ijyb.
Ijyb zaps a wand.
The bolt of acid misses you.
You shoot an arrow. The arrow closely misses Ijyb.
Ijyb hits you but does no damage.
You shoot an arrow. The arrow barely misses Ijyb.
Ijyb barely misses you.
You shoot an arrow. The arrow hits Ijyb but does no damage.
Ijyb is severely wounded.
Ijyb hits you but does no damage.
You shoot an arrow. The arrow hits Ijyb.
Ijyb is severely wounded.
Ijyb barely misses you.
You shoot an arrow. The arrow hits Ijyb but does no damage.
Ijyb is severely wounded.
Ijyb barely misses you.
You shoot an arrow. The arrow hits Ijyb but does no damage.
Ijyb is severely wounded.
Ijyb zaps a wand.
The bolt of acid hits you!!
You shoot an arrow. The arrow hits Ijyb but does no damage.
Ijyb is severely wounded.
Ijyb hits you with a +0 club.
You shoot an arrow. The arrow closely misses Ijyb.
Ijyb zaps a wand.
The bolt of acid hits you! The acid corrodes you!
You shoot an arrow. The arrow hits Ijyb but does no damage.
Ijyb is severely wounded.
Ijyb barely misses you.
You shoot an arrow. The arrow barely misses Ijyb.
Ijyb hits you with a +0 club.
You shoot an arrow. The arrow hits Ijyb but does no damage.
Ijyb is severely wounded.
Ijyb closely misses you.
You shoot an arrow. The arrow hits Ijyb but does no damage.
Ijyb is severely wounded.
Ijyb screams, "No!
No, no, no, no!"
Ijyb hits you with a +0 club.
You shoot an arrow. The arrow barely misses Ijyb.
Ijyb screams, "Die!"
Ijyb hits you with a +0 club.
You die...

##.####....####...
..... ####..#
##....#........##
#....##
##......... ###..#
##...#.... ####
##.### #.. ##.#
###..# #..#
####.(..#
##.###.......##
##....###@...#
####.#### ##g..#
#...## #....#
###.# #....# ###
#.....# ........
....... .......


You could see Ijyb.

Vanquished Creatures
  4 scorpions (D:4)
  An orc priest (D:4)
  2 jellies (D:4)
  4 orc wizards
  5 adders
  A white imp (D:5)
  3 dart slugs
  11 orcs
  7 ball pythons
  6 bats
  15 endoplasms
  2 giant cockroaches
  4 goblins
  4 hobgoblins
  8 jackals
  15 kobolds
  A quokka (D:1)
  6 frilled lizards
  A rat (D:1)
100 creatures vanquished.

Notes
Turn   | Place    | Note
-------+----------+-------------------------------------------
     0 | D:1      | qw the Gargoyle Hunter began the quest for the Orb.
     0 | D:1      | Reached XP level 1. HP: 12/12 MP: 1/1
     0 | D:1      | 0 ||| qw: Version: 0.2-a-29-gc1b59c4
     0 | D:1      | 0 ||| qw: Game counter: 4362
     0 | D:1      | 0 ||| qw: Always use a shield: true
     0 | D:1      | 0 ||| qw: God list: Okawaru
     0 | D:1      | 0 ||| qw: Allow faded altars: false
     0 | D:1      | 0 ||| qw: Do Orc after D:15 true
     0 | D:1      | 0 ||| qw: Do second Lair branch before Depths: true
     0 | D:1      | 0 ||| qw: Lair rune preference: random
     0 | D:1      | 0 ||| qw: Plans: Normal, Zot:1-4, Slime:5, God:TSO, Crypt,
                  | Tomb, Abyss, Pan, Hells, Win
     0 | D:1      | 0 ||| PLANNING D:1-11
    78 | D:1      | Reached XP level 2. HP: 17/17 MP: 2/2
   458 | D:1      | Reached XP level 3. HP: 21/21 MP: 3/3
   467 | D:1      | Reached skill level 5 in Ranged Weapons
   716 | D:1      | 716 ||| UPGRADING to +1 robe of positive energy.
   726 | D:1      | 726 ||| UPGRADING to amulet of guardian spirit.
   731 | D:1      | 731 ||| DROPPING ring of flight.
   732 | D:1      | 732 ||| DROPPING scroll of butterflies.
   800 | D:2      | Found a faded altar of an unknown god.
   845 | D:2      | Reached skill level 3 in Fighting
   845 | D:2      | Reached XP level 4. HP: 28/28 MP: 2/4
  1241 | D:2      | 1241 ||| UPGRADING to +0 leather armour of cold resistance.
  1251 | D:2      | 1251 ||| DROPPING +0 leather armour.
  1252 | D:2      | 1252 ||| DROPPING +1 robe of positive energy.
  1253 | D:2      | 1253 ||| READING scroll labelled JUVVEM LORAICE.
  1361 | D:3      | Found a hide-covered altar of Uskayaw.
  1450 | D:3      | Found Sidot's General Store.
  1462 | D:3      | 1462 ||| BUYING +0 helmet (45 gold).
  1462 | D:3      | Bought a +0 helmet for 45 gold pieces
  1462 | D:3      | 1462 ||| SHOPLISTING +5 ring of evasion (360 gold, have
                  | 66).
  1567 | D:3      | Reached XP level 5. HP: 25/32 MP: 5/5
  1641 | D:3      | 1641 ||| UPGRADING to +2 robe of willpower.
  1651 | D:3      | 1651 ||| DROPPING +0 ring mail.
  1652 | D:3      | 1652 ||| UPGRADING to +0 helmet.
  1715 | D:4      | Reached skill level 6 in Ranged Weapons
  1736 | D:4      | Reached XP level 6. HP: 29/38 MP: 4/6
  1972 | D:4      | Reached skill level 7 in Ranged Weapons
  2080 | D:4      | Reached XP level 7. HP: 43/43 MP: 7/7
  2351 | D:4      | 2351 ||| UPGRADING to ring of protection from fire.
  2352 | D:4      | 2352 ||| READING scroll labelled RAORUW OPPE.
  2353 | D:4      | 2353 ||| READING scroll labelled NOT MUSOVUQIE.
  2354 | D:4      | 2354 ||| READING scroll labelled PIETHU VOSUJAE.
  2370 | D:5      | Entered Level 5 of the Dungeon
  2396 | D:5      | 2396 ||| READING scroll of enchant armour.
  2396 | D:5      | 2396 ||| ENCHANTING +0 helmet.
  2560 | D:5      | Found a staircase to the Ecumenical Temple.
  2561 | D:5      | 2561 ||| PLANNING TEMPLE
  2584 | Temple   | Entered the Ecumenical Temple
  2585 | Temple   | 2585 ||| PLANNING OKAWARU WORSHIP
  2635 | Temple   | Became a worshipper of Warmaster Okawaru
  2635 | Temple   | 2635 ||| PLANNING D:1-11
  2636 | Temple   | 2636 ||| REMOVING amulet of guardian spirit.
  2842 | D:5      | Noticed Ijyb
  2860 | D:5      | HP: 4/43 [Ijyb/bolt of acid (8)]
  2864 | D:5      | HP: 1/43 [Ijyb/+0 club (3)]
  2865 | D:5      | Slain by Ijyb

Levels and vault maps discovered:
D:1:      dpeg_arrival_chambers_temple_mockup, layout_basic,
          chequers_serial_rivers_micro_c
D:2:      layout_rooms, dreamdust_ecumenical_altar_grove, corexii_shack
D:3:      layout_rooms, mainiacjoe_overflow_boulevard, serial_shops, shop
D:4:      cheibrodos_fertilizer, layout_rooms
D:5:      layout_layer_cave, minmay_temple_entry_tees, uniq_ijyb
Temple:   nicolae_temple_x_marks_the_god

Skill      XL: |  1  2  3  4  5  6 |
---------------+-------------------+-----
Ranged Weapons | 5 6 7 |  7.9
Fighting       | 3 4 |  4.2
Dodging        | 2 |  2.0
Stealth        | |  1.1

Action                     |  1- 3 |  4- 6 |  7- 9 || total
---------------------------+-------+-------+-------++-------
   Fire: Shortbow          |    96 |   182 |   103 ||   381
    Use: Scroll            |       |     1 |     4 ||     5
 Armour: Leather armour    |    11 |    12 |       ||    23
         Robe              |     5 |    39 |    39 ||    83
  Dodge: Dodged            |    28 |    55 |    45 ||   128

Table legend:
 A = Non-vault XP
 B = Vault XP
 C = Vault XP percentage of total XP
 D = Non-vault monster count
 E = Vault monster count
 F = Vault count percentage of total count
                 A         B        C        D         E       F
            +---------+---------+-------+---------+---------+-------
      Total |     727 |     113 |  13.5 |      81 |      19 |  19.0
            +---------+---------+-------+---------+---------+-------
        D:1 |      48 |       0 |   0.0 |      25 |       0 |   0.0
        D:2 |      57 |       3 |   5.0 |      21 |       1 |   4.5
        D:3 |      72 |       0 |   0.0 |      12 |       0 |   0.0
        D:4 |     409 |     110 |  21.2 |      15 |      18 |  54.5
        D:5 |     141 |       0 |   0.0 |       8 |       0 |   0.0
            +---------+---------+-------+---------+---------+-------
